 Dungeon Crawl Stone Soup version 0.20-a0-700-gbd4582c (webtiles) character file.

29304 polly the Peltast (level 13, -3/80 HPs)
             Began as a Gargoyle Fighter on Feb 20, 2017.
             Was the Champion of Okawaru.
             Slain by an enormous slime creature (33 damage)
             ... on level 12 of the Dungeon.
             The game lasted 00:25:23 (14056 turns).

polly the Peltast (Gargoyle Fighter)               Turns: 14056, Time: 00:25:23

Health: -3/80      AC: 38    Str: 23    XL:     13   Next: 44%
Magic:  13/13      EV:  9    Int:  8    God:    Okawaru [******]
Gold:   263        SH: 14    Dex: 12    Spells: 12/12 levels left

rFire    . . .     SeeInvis +   O - +3 whip
rCold    . . .     Gourm    .   M - +0 plate armour
rNeg     + . .     Faith    .   c - +0 shield
rPois    ∞         Spirit   .   o - +1 hat {SInv}
rElec    +         Reflect  .   (no cloak)
rCorr    .         Harm     .   z - +2 pair of gloves
MR       .....                  s - +0 pair of boots
Stlth    ..........             (no amulet)
Regen    0.3/turn               l - +2 ring of protection
MPRegen  0.2/turn               j - +6 ring of protection

@: about to teleport
A: negative energy resistance 1, electricity resistance, unbreathing,
petrification resistance, rot immunity, AC +9
a: Heroism, Finesse, Renounce Religion


You were on level 12 of the Dungeon.
You worshipped Okawaru.
Okawaru was exalted by your worship.
You were hungry.

You visited 1 branch of the dungeon, and saw 13 of its levels.
You also visited: Sewer.

You collected 553 gold pieces.
You spent 290 gold pieces at shops.

Inventory:

Hand Weapons
 b - the +11 dagger of Toint {flame, Stlth+}
   (You found it on level 4 of the Dungeon)

   It has been specially enchanted to burn those struck by it, causing extra
   injury to most foes and up to half again as much damage against particularly
   susceptible opponents.
   It makes you more stealthy.
 O - a +3 whip (weapon)
Armour
 c - a +0 shield (worn)
 o - a +1 hat of see invisible (worn)
 s - a +0 pair of boots (worn)
 z - a +2 pair of gloves (worn)
 D - a +0 hat
 M - a +0 plate armour (worn)
Jewellery
 d - an uncursed ring of protection from cold
 j - a +6 ring of protection (left hand)
 l - a +2 ring of protection (right hand)
 H - an uncursed ring of fire
Wands
 N - a wand of clouds (4/9)
Scrolls
 e - 3 scrolls of remove curse
 g - 2 scrolls of fog
 k - a scroll of amnesia {unknown}
 p - 2 scrolls of fear
 r - 3 scrolls of recharging
 u - 5 scrolls of teleportation
 y - 3 scrolls of enchant weapon
 F - 2 scrolls of enchant armour
 J - a scroll of blinking
 L - a scroll of vulnerability {unknown}
Potions
 a - 2 potions of lignification {unknown}
 h - 8 potions of brilliance
 i - 3 potions of haste
 q - 2 potions of flight
 v - 3 potions of mutation
 B - a potion of might
 C - a potion of ambrosia {unknown}
 E - a potion of berserk rage {unknown}
Books
 n - a book of Cantrips

   Spells                             Type                      Level
   a - Confusing Touch                Hexes                        1
   b - Animate Skeleton               Necromancy                   1
   c - Summon Small Mammal            Summoning                    1
   d - Apportation                    Translocation                1
 t - a book of Power

   Spells                             Type                      Level
   a - Iskenderun's Battlesphere      Conjuration/Charms           5
   b - Venom Bolt                     Conjuration/Poison           5
   c - Bolt of Magma                  Conjuration/Fire/Earth       5
   d - Iron Shot                      Conjuration/Earth            6
   e - Orb of Destruction             Conjuration                  7
   f - Spellforged Servitor           Conjuration/Summoning        7
 x - a book of Frost

   Spells                             Type                      Level
   a - Freeze                         Ice                          1
   b - Throw Frost                    Conjuration/Ice              2
   c - Ozocubu's Armour               Charms/Ice                   3
   d - Throw Icicle                   Conjuration/Ice              4
   e - Summon Ice Beast               Ice/Summoning                4
 A - a book of Summonings

   Spells                             Type                      Level
   a - Recall                         Summoning/Translocation      3
   b - Aura of Abjuration             Summoning                    5
   c - Summon Demon                   Summoning                    5
   d - Summon Forest                  Summoning/Translocation      5
   e - Summon Mana Viper              Hexes/Summoning              5
   f - Shadow Creatures               Summoning                    6
 G - a book of Maledictions

   Spells                             Type                      Level
   a - Corona                         Hexes                        1
   b - Ensorcelled Hibernation        Hexes/Ice                    2
   c - Confuse                        Hexes                        3
   d - Tukima's Dance                 Hexes                        3
   e - Dazzling Spray                 Conjuration/Hexes            3
 I - a book of Minor Magic

   Spells                             Type                      Level
   a - Magic Dart                     Conjuration                  1
   b - Blink                          Translocation                2
   c - Call Imp                       Summoning                    2
   d - Slow                           Hexes                        2
   e - Conjure Flame                  Conjuration/Fire             3
   f - Mephitic Cloud                 Conjuration/Poison/Air       3
Comestibles
 f - 7 bread rations
 m - 18 fruits
 w - 3 meat rations
 K - 3 royal jellies


   Skills:
 + Level 9.5 Fighting
 - Level 0.1 Short Blades
 + Level 9.4 Maces & Flails
 + Level 11.9 Armour
 + Level 5.0 Dodging
 - Level 1.7 Stealth
 + Level 15.4 Shields
 + Level 0.4 Invocations


You had 12 spell levels left.
You didn't know any spells.

Dungeon Overview and Level Annotations

Branches:
Dungeon (14/15)              Lair (0/6) D:9
 Temple: D:4-7          Orc: D:9-12      Vaults: D:13-14

Altars:
Ashenzari
Cheibriados
Dithmenos Ieoh Jian
Makhleb
Okawaru
Ru
Uskayaw
Zin
The Shining One

Shops:
D:4 [   D:10 (*(?(   D:12 (

Annotations:
D:14 exclusion: Roxanne, Roxanne


Innate Abilities, Weirdness & Mutations

You are resistant to torment.
Your stone body is resilient. (AC +9)
You are immune to poison.
You resist negative energy. (rN+)
You are resistant to electric shocks. (rElec)
You can survive without breathing.
You are immune to petrification.
You are immune to rotting.


Message History

The very large slime creature is moderately wounded.
The large slime creature barely misses you.
The very large slime creature hits you!!
You block the orc wizard's attack.
A very large slime creature splits.
A large slime creature splits.
Two slime creatures merge to form a very large slime creature.
Two slime creatures merge to form an enormous slime creature.
Items here: ))) ÷ a short sword; a club; a falchion; an orc skeleton
Things that are here:
a mace; a dire flail; a plate armour You hit the centaur zombie.
The centaur zombie is lightly damaged.
You block the centaur zombie's attack.
Okay, then.
As you read the scroll of teleportation, it crumbles to dust.
You feel strangely unstable. You block the centaur zombie's attack.
The enormous slime creature hits you!!
You die...

#...####.######### #..#
#.### #.#.....#####..#
#.######.#............#
###
#..............######.##
..# #.######.#.....#
#..# #.# ###.###
#J#.....# ##.# #.#
#.....# #o####### #.#
#.# ##.###.####J# #.#
#.# #..#.#...Z@)# #.#
#[# #...#..###### #.#
#.# ###..###.## #.# #.#
#...## ##.# #.#
#.###.##.###.## #.#
.....####.#)#########
#.#
..###.###...)#......#
#.. ###
#..#..##[..####.# ###
####.#.#.##.∩.# #.#
#####


You could see an enormous slime creature, a slime creature, an orc wizard
(invisible) and a centaur zombie.

Vanquished Creatures
  Gastronok (D:11)
  Josephine (D:11)
  A hydra (D:9)
  The ghost of christhawk the Slinger, a journeyman HaFi of Qazlal (D:10)
  A centaur warrior (D:14)
  2 two-headed ogres
  7 skeletal warriors
  A wizard (D:11)
  A wolf spider zombie (D:14)
  An ugly thing (D:14)
  2 manticores (D:14)
  A cyclops (D:12)
  2 gargoyles
  A troll (D:9)
  2 dream sheep (D:9)
  A hornet (D:10)
  4 hippogriffs
  4 flying skulls (D:12)
  A vampire (D:11)
  8 wraiths
  A shadow (D:12)
  A wyvern (D:12)
  Eustachio (D:5)
  The ghost of Zdeegee the Skirmisher, an amateur CeFi (D:3)
  19 yaks
  3 hungry ghosts
  3 vampire mosquitoes (D:12)
  An acid dragon (D:12)
  Duvessa (D:5)
  A hornet zombie (D:12)
  An ice beast (D:8)
  15 orc warriors
  A black bear (D:12)
  An eye of draining (D:10)
  A necrophage (D:11)
  3 sky beasts
  4 ogres
  2 centaurs (D:10)
  A crocodile (D:8)
  6 big kobolds
  3 bullfrogs
  Dowan (D:5)
  A water moccasin zombie (D:12)
  A wyvern skeleton (D:12)
  3 scorpions
  8 killer bees
  10 wights
  4 electric eels (D:8)
  4 bullfrog zombies
  3 crimson imps
  8 centaur zombies
  4 jellies
  8 centaur skeletons
  2 hounds (D:9)
  8 bullfrog skeletons (D:12)
  13 orc priests
  Jessica (D:3)
  3 iguanas
  10 orc wizards
  9 worker ants
  A hound zombie (D:6)
  A howler monkey zombie (D:11)
  17 adders
  A river rat (Sewer)
  2 shadow imps
  An ooze (D:2)
  An adder skeleton (D:9)
  3 worms
  4 dart slugs
  4 leopard geckos
  56 orcs
  6 bats
  4 giant cockroaches
  7 goblins
  7 hobgoblins
  9 jackals
  5 quokkas
  7 frilled lizards
  18 kobolds
  12 rats
380 creatures vanquished.

Vanquished Creatures (others)
  A plant (D:9)
1 creature vanquished.

Grand Total: 381 creatures vanquished

Notes
Turn   | Place    | Note
-------+----------+-------------------------------------------
     0 | D:1      | polly the Gargoyle Fighter began the quest for the Orb.
     0 | D:1      | Reached XP level 1. HP: 14/14 MP: 1/1
   410 | D:1      | Reached XP level 2. HP: 18/19 MP: 2/2
   588 | D:1      | Reached XP level 3. HP: 14/23 MP: 3/3
  1347 | D:2      | Found a glowing golden altar of the Shining One.
  1450 | D:2      | Found a snail-covered altar of Cheibriados.
  1472 | D:2      | Reached XP level 4. HP: 29/29 MP: 4/4
  1520 | D:2      | Reached skill level 4 in Shields
  2093 | D:3      | Noticed Zdeegee's ghost (amateur CeFi)
  2111 | D:3      | Killed Zdeegee's ghost
  2111 | D:3      | Reached skill level 1 in Dodging
  2111 | D:3      | Reached XP level 5. HP: 18/34 MP: 5/5
  2111 | D:3      | Reached XP level 6. HP: 21/39 MP: 6/6
  2653 | D:3      | Noticed Jessica
  2663 | D:3      | Killed Jessica
  3673 | D:4      | Found Fipleel's Antique Armour Emporium.
  3678 | D:4      | Bought a pair of runed gloves for 150 gold pieces
  3688 | D:4      | Reached XP level 7. HP: 35/44 MP: 7/7
  3988 | D:4      | Got a bone dagger
  3989 | D:4      | Identified the +11 dagger of Toint {flame, Stlth+} (You found it on level 4 of the Dungeon)
  3996 | D:4      | Reached skill level 5 in Maces & Flails
  3996 | D:4      | Reached skill level 5 in Shields
  4396 | D:5      | Entered Level 5 of the Dungeon
  4476 | D:5      | Found a glowing drain.
  4515 | Sewer    | Entered a sewer
  4577 | Sewer    | Reached skill level 5 in Fighting
  4603 | Sewer    | Found a glowing silver altar of Zin.
  4661 | D:5      | Noticed Eustachio
  4671 | D:5      | Killed Eustachio
  4671 | D:5      | Reached skill level 5 in Armour
  4671 | D:5      | Reached XP level 8. HP: 49/49 MP: 8/8
  5033 | D:5      | Noticed Duvessa
  5034 | D:5      | Noticed Dowan
  5042 | D:5      | Killed Duvessa
  5052 | D:5      | Killed Dowan
  5508 | D:6      | Reached skill level 6 in Shields
  5515 | D:6      | Found a burning altar of Makhleb.
  5535 | D:6      | You fall through a shaft for 2 floors!
  5536 | D:8      | Found a shattered altar of Ashenzari.
  5537 | D:8      | Found an ornate altar of the Ieoh Jian Council.
  5539 | D:8      | Found a sacrificial altar of Ru.
  5541 | D:8      | Found a shadowy altar of Dithmenos.
  5542 | D:8      | Found a hide-covered altar of Uskayaw.
  5620 | D:8      | Noticed a hippogriff
  5627 | D:8      | Killed a hippogriff
  5838 | D:8      | Reached XP level 9. HP: 39/55 MP: 9/9
  6193 | D:8      | Reached skill level 7 in Shields
  6384 | D:8      | Reached skill level 1 in Stealth
  6777 | D:9      | Reached skill level 8 in Shields
  6799 | D:9      | Found an iron altar of Okawaru.
  6835 | D:9      | Became a worshipper of Warmaster Okawaru
  6848 | D:9      | Found a staircase to the Lair.
  6927 | D:9      | Reached XP level 10. HP: 58/61 MP: 10/10
  7053 | D:9      | Reached * piety under Okawaru
  7053 | D:9      | Reached skill level 9 in Shields
  7161 | D:9      | Found a glowing silver altar of Zin.
  7254 | D:9      | Noticed a two-headed hydra
  7263 | D:9      | Killed a two-headed hydra
  7263 | D:9      | Reached ** piety under Okawaru
  7263 | D:9      | Reached skill level 10 in Shields
  7313 | D:10     | Entered Level 10 of the Dungeon
  7337 | D:10     | Found Vuhaw's Magic Scroll Shoppe.
  7448 | D:10     | Found Saabir's Antique Weapon Shop.
  7585 | D:10     | Reached *** piety under Okawaru
  7624 | D:10     | Reached skill level 11 in Shields
  7747 | D:10     | Reached skill level 10 in Armour
  7747 | D:10     | Reached XP level 11. HP: 66/67 MP: 11/11
  7758 | D:10     | Found Ruuxzyme's Antique Weapon Boutique.
  7759 | D:10     | Noticed a two-headed ogre
  7770 | D:10     | Killed a two-headed ogre
  7868 | D:10     | Noticed a skeletal warrior
  7868 | D:10     | Noticed a skeletal warrior
  7868 | D:10     | Noticed a skeletal warrior
  7869 | D:10     | Noticed a skeletal warrior
  7890 | D:10     | Noticed a skeletal warrior
  7918 | D:9      | Killed a skeletal warrior
  7918 | D:9      | Reached **** piety under Okawaru
  8041 | D:9      | Killed a skeletal warrior
  8104 | D:9      | Killed a skeletal warrior
  8104 | D:9      | Reached skill level 12 in Shields
  8343 | D:9      | Killed a skeletal warrior
  8514 | D:10     | Killed a skeletal warrior
  8583 | D:10     | Found Wautal's Weapon Shop.
  8733 | D:10     | Noticed christhawk's ghost (journeyman HaFi)
  8819 | D:10     | Killed christhawk's ghost
  9017 | D:10     | Found an iron altar of Okawaru.
  9020 | D:10     | Found Gemp's General Store.
  9034 | D:10     | Bought a +2 ring of protection for 140 gold pieces
  9269 | D:11     | Noticed Gastronok
  9301 | D:11     | Killed Gastronok
  9301 | D:11     | Reached ***** piety under Okawaru
  9301 | D:11     | Reached skill level 13 in Shields
  9458 | D:11     | Noticed Josephine
  9479 | D:10     | Reached XP level 12. HP: 75/75 MP: 12/12
  9545 | D:11     | Killed Josephine
 10472 | D:11     | Noticed a two-headed ogre
 10480 | D:11     | Killed a two-headed ogre
 10507 | D:11     | Reached skill level 14 in Shields
 11152 | D:12     | Reached ****** piety under Okawaru
 11257 | D:12     | Found Iwyug's Weapon Boutique.
 11340 | D:12     | You fall through a shaft for 2 floors!
 11435 | D:14     | Noticed Roxanne
 11503 | D:14     | Noticed a centaur warrior
 11562 | D:14     | Received a gift from Okawaru
 11603 | D:14     | Killed a centaur warrior
 11916 | D:12     | Reached XP level 13. HP: 72/80 MP: 13/13
 12077 | D:12     | Reached skill level 15 in Shields
 13892 | D:12     | Reached skill level 5 in Dodging
 14056 | D:12     | Slain by an enormous slime creature

Vault maps used:
D:1:      evilmike_arrival_hilbert_curve
D:2:      lemuel_doored_altar, cheibriados_altar_1,
          hangedman_abyss_or_decor_lesser_grid, minmay_misc_feat_alley
D:3:      first_bread, uniq_jessica
D:4:      serial_shops, shop, minivault_11
D:5:      gup_sewer_entry_glass, uniq_eustachio, uniq_duvessa
D:6:      hangedman_cross_stitches, marbit_many_paths, kennysheep_mini_moat,
          uniq_sigmund
D:8:      grunt_temple_overflow_open, water_maze_lemuel
D:9:      zin_scriptorium, overflow_temple_1_default, dpeg_oklobed_lair,
          hangedman_ranch
D:10:     basic_altar, serial_shops, shop, shop,
          nicolae_shop_overgrown_old_shop, nicolae_shop_waterfront,
          nicolae_shop_overgrown_old_shop
D:11:     minmay_misc_feat_plants, uniq_gastronok, uniq_josephine
D:12:     hangedman_screamer, david_orc_5, serial_shops, nicolae_shop_stone
D:13:     hangedman_vaults_entry_quadrant_bands, lab_entry_generic
D:14:     serial_undead, serial_undead_f, serial_undead_b, serial_undead_a,
          serial_undead_d, uniq_roxanne
Sewer:    sewer_kobolds

Skill      XL: |  1  2  3  4  5  6  7  8  9 10 11 12 13 |
---------------+----------------------------------------+-----
Maces & Flails | 3 4 5 6 8 9 |  9.4
Shields        | 4 5 6 8 11 13 14 15 | 15.4
Fighting       | 4 5 6 7 8 9 |  9.5
Dodging        | 1 2 3 4 5 |  5.0
Armour         | 4 5 7 9 10 11 | 11.9
Stealth        | 1 |  1.7
Short Blades   | |  0.1
Invocations    | |  0.4

Action                   |  1- 3 |  4- 6 |  7- 9 | 10-12 | 13-15 || total
-------------------------+-------+-------+-------+-------+-------++-------
Melee: Flail             |   159 |   185 |    25 |   215 |       ||   584
       Dagger            |       |       |   287 |   569 |       ||   856
       Whip              |       |       |       |   442 |   913 ||  1355
Invok: Heroism           |       |       |       |       |     2 ||     2
  Use: Scroll            |       |     1 |     5 |     7 |     1 ||    14
       Potion            |       |     3 |     3 |     6 |       ||    12
  Eat: Chunk             |     1 |     6 |    10 |    13 |     3 ||    33
       Royal jelly       |       |     1 |       |     4 |       ||     5
       Fruit             |       |       |     2 |       |       ||     2
       Meat ration       |       |       |       |       |     1 ||     1
Armor: Scale mail        |    71 |   109 |     2 |       |       ||   182
       Chain mail        |       |       |   177 |     2 |       ||   179
       Plate armour      |       |       |       |   707 |   288 ||   995
Dodge: Dodged            |    48 |    60 |    76 |   334 |   158 ||   676
Block: Shield            |    78 |    83 |   176 |   865 |   425 ||  1627
